Tariru, lawful male human Samurai ----- ...| ---------..-- --------- |.......|...-- --.......-- @ |.......|....---.........-- |..@@...-......&.V........| |.......|....---..%.%....-- |.......|...-- --...)...-- ---------..-- ----)---- ...| |%)%------- I ----- |.)+)!.)))| -------...- |..).- I ---"..- |..%%II @ ------ Tariru the Kokushu Experience level: 21 Strength: 21 Dexterity: 18 Constitution: 18 Intelligence: 16 Wisdom: 21 Charisma: 13 Health: 321(389) Energy: 95(95) Def: 41 Gold: 0 Moves: 48358 Dungeon seed: 2ZKucoZOszs2k4GZ Game ID: Tariru_1528926416 Your Inventory: Amulets m - an uncursed amulet of magical breathing G - an uncursed amulet of life saving and searching (being worn) Weapons a - the blessed rustproof +7 Snickersnee (weapon in hand) b - a blessed rustproof +7 katana of frost (wielded in other hand) o - 6 blessed +7 arrows p - 44 uncursed +7 arrows (in quiver) T - a blessed +0 bow of frost and lightning Armor f - a blessed +4 kabuto of searching and fire immunity named fireres (being worn) n - a blessed +1 blue dragon scale mail (being worn) q - an uncursed +3 Hawaiian shirt of brilliance (being worn) y - a blessed +5 pair of yugake of warning and speed (being worn) O - an uncursed fireproof +4 pair of speed boots of carrying (being worn) X - an uncursed +0 cloak of protection (being worn) Comestibles g - an uncursed female lizard corpse L - a cursed lembas wafer Q - an uncursed K-ration Potions i - a potion of holy water j - a blessed diluted potion of full healing l - a cursed potion of full healing x - an uncursed potion of extra healing Rings d - an uncursed ring of regeneration s - an uncursed ring of poison immunity w - an uncursed ring of cold immunity (on right hand) B - an uncursed +3 ring of carrying C - a blessed greased ring of conflict (on left hand) W - an uncursed ring of levitation Y - an uncursed ring of free action Wands u - an uncursed wand of teleportation named cursed (0:5) v - an uncursed wand of digging (0:6) E - an uncursed wand of wishing named -0 (1:0) F - a cursed wand of death (0:0) K - an uncursed wand of lightning (0:3) M - a blessed wand of death named -1 (2:3) Tools c - an uncursed stethoscope h - a blessed greased fireproof bag of holding k - a cursed skeleton key z - an uncursed +0 unicorn horn D - the blessed Orb of Detection (1:4) H - an uncursed magic marker (0:29) J - an uncursed magic marker (1:5) P - a cursed towel R - the uncursed Candelabrum of Invocation (7 candles attached) (0:398) U - a blessed +0 unicorn horn named pRfRcR Gems e - an uncursed luckstone Contents of the bag of holding: an uncursed amulet of life saving an uncursed amulet of life saving an uncursed amulet of reflection named gift 14443 the blessed +7 Tsurugi of Muramasa 8 blessed poisoned +1 silver arrows 3 blessed +1 silver arrows an uncursed +0 mummy wrapping an uncursed thoroughly burnt +0 orcish cloak of carrying an uncursed +0 pair of gauntlets of power an uncursed +0 pair of water walking boots an uncursed +0 pair of yugake of carrying 2 uncursed K-rations 2 uncursed cram rations an uncursed fortune cookie an uncursed lembas wafer an uncursed lump of royal jelly 2 uncursed male lizard corpses 2 uncursed pancakes an uncursed slime mold 2 uncursed sprigs of wolfsbane an uncursed scroll of amnesia a blessed scroll of charging an uncursed scroll of earth an uncursed scroll of enchant armor a blessed scroll of enchant weapon an uncursed scroll of fire 2 uncursed scrolls of genocide a blessed scroll of remove curse 2 uncursed scrolls of scare monster 3 uncursed scrolls of scare monster 2 uncursed scrolls of summoning 2 cursed scrolls of teleportation 6 uncursed diluted potions of extra healing a blessed diluted potion of full healing 2 uncursed potions of acid 4 uncursed potions of extra healing an uncursed potion of full healing a blessed potion of healing 4 potions of holy water an uncursed potion of polymorph an uncursed potion of speed a potion of unholy water named unholy an uncursed ring of fire immunity an uncursed ring of levitation an uncursed ring of polymorph control an uncursed ring of shock immunity an uncursed wand of death (0:0) an uncursed wand of digging (0:4) an uncursed wand of sleep (0:8) an uncursed wand of striking (0:3) an uncursed wand of teleportation named -? (0:4) 7 uncursed tallow candles (0:200) 2 uncursed turquoise stones Spells and supernatural/magical abilities: Name Level Category Cost Memory a - force bolt 1 attack 17pw 24% l - light 1 divination 17pw 63% m - magic missile 2 attack 34pw 44% p - protection 1 clerical 17pw 44% u - confuse monster 2 enchantment 34pw 27% v - clairvoyance 3 divination 31pw -- z - sleep 1 enchantment 17pw 29% O - summoning 2 clerical 34pw 44% W - pray for help -- divine ? -- Your skills at the end: Fighting Skills martial arts [Basic] two weapon combat [Expert] wands [Skilled] Weapon Skills short sword [Basic] long sword [Expert] bow [Expert] Spellcasting Skills Final Attributes: You were the Hand of Elbereth. You had transgressed. You were immune to fire. You were immune to cold. You were sleep resistant. You were disintegration-resistant. You were immune to electricity. You were poison resistant. You were magic resistant. You were acid resistant. You saw invisible. You were telepathic. You were warned. You had automatic searching. You were visible. You were stealthy. You aggravated monsters. You were conflicting. You were protected. You were very fast. You had free action. You were life saving. You were wielding two weapons at once. You were very lucky. You had extra luck. Bad luck did not time out for you. Good luck did not time out for you. You last prayed 13263 turns ago. Amaterasu Omikami was extremely exalted with you. You survived. Vanquished creatures: Demogorgon Asmodeus Baalzebub Orcus Yeenoghu Juiblex The Wizard of Yendor (9 times) Pestilence Famine an arch-lich a high priest Medusa Croesus 7 krakens 2 iron golems a master lich a storm giant a balrog 2 gray dragons a silver dragon 2 shimmering dragons 3 red dragons a white dragon 2 orange dragons 3 black dragons 3 blue dragons a yellow dragon 20 minotaurs 2 jabberwocks 52 pit fiends Ashikaga Takauji 3 baluchitheria 10 Angels 8 demiliches Vlad the Impaler a stone golem 8 Olog-hai a Nazgul a sandestin 5 hell hounds 6 titanotheres a trapper a baby shimmering dragon 2 baby green dragons 2 disenchanters 25 vampire lords 6 shades 5 skeletons a shopkeeper 24 aligned priests a captain 7 liches a clay golem 3 nurses 12 ice devils 5 nalfeshnees 3 lurkers above 2 Aleaxes a frost giant 6 ettins a golden naga 12 black puddings 31 vampires 39 ghosts 12 lieutenants a priest 12 samurai a tourist 2 queen bees 2 winged gargoyles 11 giant mimics 9 zruties 2 fire giants 4 ogre kings 6 ice trolls 9 rock trolls 3 umber hulks 2 flesh golems 2 Elvenkings 2 doppelgangers 14 hezrous 9 bone devils 5 large mimics 3 wumpuses 5 fire vortices 2 baby long worms 3 long worms a couatl 25 stalkers 15 air elementals 5 fire elementals an earth elemental 14 water elementals 8 hill giants 2 giant mummies 5 xorns 15 giant zombies 4 elf-lords 28 sergeants a water demon 3 barbed devils 3 vrocks 2 salamanders 19 wargs a winter wolf 2 hell hound pups 14 small mimics a glass piercer 8 warhorses 5 steam vortices 11 xans 6 ettin mummies 5 ogre lords 10 quantum mechanics 31 trolls a sasquatch 2 wood golems an erinys 12 mariliths a djinni 6 sharks 7 electric eels 5 gelatinous cubes 6 pyrolisks 3 large dogs 3 freezing spheres 6 flaming spheres 5 shocking spheres a large cat 4 tigers 7 gargoyles a dwarf king 4 tengu 6 ochre jellies 8 leocrottas 6 energy vortices 6 mountain centaurs 2 stone giants 2 elf mummies 3 human mummies 2 red nagas 4 green slimes 7 pit vipers 3 pythons 4 cobras 38 wraiths 3 carnivorous apes 19 ettin zombies a leather golem 3 Grey-elves 119 soldiers 2 watchmen 2 horned devils 10 incubi 10 chameleons 3 crocodiles 11 giant beetles 9 quivering blobs 18 cockatrices 68 wolves 11 winter wolf cubs 2 lynxes a panther 5 gremlins 2 spotted jellies 24 leprechauns 7 orc-captains 3 iron piercers a mumak 5 giant spiders 6 scorpions 9 horses 2 ice vortices 4 black lights 12 vampire bats 8 forest centaurs 9 gnome kings 5 orc mummies 3 dwarf mummies 3 ogres 14 brown puddings 7 rust monsters 10 owlbears 9 yetis 3 gold golems 3 werewolves 5 Green-elves 6 piranhas 16 giant eels 14 lizards 14 ninja 8 roshis 12 chickatrices 5 dogs 3 dingos 3 housecats 3 jaguars 3 dwarf lords 4 blue jellies 2 white unicorns a gray unicorn a black unicorn 5 dust vortices 7 ravens 13 plains centaurs a gnome mummy 5 snakes 3 water moccasins 18 apes 66 human zombies 8 rope golems 11 Woodland-elves 13 soldier ants 5 fire ants 38 bugbears 2 imps 3 lemures 5 quasits 3 wood nymphs 7 water nymphs 5 mountain nymphs 34 Mordor orcs 27 Uruk-hai 23 orc shamans 11 rock piercers 5 rock moles 10 ponies 11 fog clouds 9 yellow lights 6 violet fungi 34 gnome lords 10 gnomish wizards 5 kobold mummies 2 red naga hatchlings 3 black naga hatchlings 2 golden naga hatchlings a guardian naga hatchling 3 gray oozes 5 barrow wights 22 elf zombies 18 ghouls a straw golem 3 paper golems 8 jellyfish 4 baby crocodiles 7 giant ants 2 little dogs 11 floating eyes 8 kittens 11 dwarves a homunculus 5 kobold lords 6 kobold shamans 30 hill orcs 9 rothes 2 rabid rats 7 centipedes 6 giant bats 7 monkeys 18 orc zombies 10 dwarf zombies 2 wererats 10 iguanas 76 killer bees 5 acid blobs 3 coyotes 2 gas spores 5 hobbits 31 manes 9 large kobolds 61 hobgoblins 5 giant rats 15 cave spiders 4 brown molds 4 yellow molds 5 green molds 5 red molds 60 gnomes 5 garter snakes 10 gnome zombies 11 geckos 6 jackals 2 foxes 2 kobolds 15 goblins 2 sewer rats 24 grid bugs 2 bats 3 lichens 12 kobold zombies 10 newts 2460 creatures vanquished. Genocided or extinct species: hobbits bugbears dwarf lords dwarf kings mind flayers master mind flayers soldiers (extinct) 6 species genocided. 1 species extinct. Voluntary challenges: You had been an atheist until turn 2449. You used a wielded weapon 4271 times, starting on turn 273. You read items or engraved 172 times, starting on turn 664. You genocided 6 types of monsters, starting on turn 37693. You polymorphed 599 items, starting on turn 30423. You changed form 1 time, starting on turn 15318. You used 6 wishes, starting on turn 36712. You wished for your your first artifact on turn 37524. You split 15 puddings, starting on turn 18312. You wrote Elbereth's name 32 times, starting on turn 664. You violated your moral code, losing 2724 points of alignment, starting on turn 1505. Dungeon overview: The Dungeons of Doom: levels 1 to 29 Level 1 a fountain stairs to The Elemental Planes Level 2 (sink) a general store, a sink, a vault Level 3 (unholywater shop) a delicatessen stairs to The Gnomish Mines Level 4 Level 5 Level 6 (+3katanaleft) Level 7 an altar to Amaterasu Omikami, a vault Level 8 (oracle) a fountain Level 9 ( ) a general store, a fountain, a vault stairs to Sokoban Level 10 some fountains, a vault Level 11 (leveltelebydownstairs) Level 12 (blackdragonscales,ludos) an altar to Raijin, a vault portal to Fort Ludios Level 13 Level 14 ( ) portal to The Quest Level 15 a fountain Level 16 a general store Level 17 Level 18 a vault Level 19 (lep) a fountain, a vault Level 20 (levelporter) a temple to Amaterasu Omikami, a fountain Level 21 Level 22 Level 23 a vault Level 24 (300,possible200zm rings) a jewelry store, a fountain, a vault Level 25 (medusa) Level 26 Level 27 a fountain Level 28 Level 29 a fountain Gehennom: levels 30 to 49 Level 30 a temple to Moloch stairs to The Dungeons of Doom Level 31 Level 32 Level 33 Level 34 Level 35 ( ) a fountain Level 36 Level 37 Level 38 (baaz) stairs to Vlad's Tower Level 39 Level 40 (orcus) some shops, an altar to Moloch Level 41 Level 42 (rodney) Level 43 Level 44 Level 45 a temple to Moloch Level 46 an altar to Moloch Level 47 Level 48 (end) Level 49 (snickernsee) a high altar, a temple to Moloch The Gnomish Mines: levels 4 to 11 Level 4 stairs to The Dungeons of Doom Level 5 Level 6 Level 7 many shops, a temple to Amaterasu Omikami, some fountains Level 8 Level 9 Level 10 (icebox,wraithcorpse,poiscorpse) Level 11 (white uni) many altars to Moloch, some fountains The Quest: levels 1 to 5 Level 1 portal to The Dungeons of Doom Level 2 Level 3 Level 4 Level 5 Sokoban: levels 5 to 8 Level 5 Level 6 Level 7 (waterleft) Solved Level 8 Solved stairs to The Dungeons of Doom Fort Ludios: Level 1 portal to The Dungeons of Doom Vlad's Tower: levels 35 to 37 Level 35 Level 36 Level 37 stairs to Gehennom The Elemental Planes: Astral Plane <- You were here a high altar Plane 4 portal to The Elemental Planes Plane 3 portal to The Elemental Planes Plane 2 portal to The Elemental Planes Plane 1 portal to The Elemental Planes History has recorded: On T:1 you entered the Dungeons of Doom to retrieve the Amulet of Yendor! On T:205 you reached level 2 of The Dungeons of Doom. On T:239 you reached level 3 of The Dungeons of Doom. On T:902 you advanced to experience level 2. On T:933 you reached level 4 of The Dungeons of Doom. On T:1098 you advanced to experience level 3. On T:1154 you reached level 5 of The Dungeons of Doom. On T:1322 you reached level 1 of The Gnomish Mines. On T:1506 you advanced to experience level 4. On T:1618 you reached level 2 of The Gnomish Mines. On T:1654 you advanced to experience level 5. On T:1700 you reached level 3 of The Gnomish Mines. On T:2098 you reached level 4 of The Gnomish Mines. On T:2136 you advanced to experience level 6. On T:3623 you reached level 5 of The Gnomish Mines. On T:4069 you advanced to experience level 7. On T:4196 you reached level 6 of The Gnomish Mines. On T:4916 you reached level 7 of The Gnomish Mines. On T:5147 you reached level 8 of The Gnomish Mines. On T:5219 you advanced to experience level 8. On T:7189 you advanced to experience level 9. On T:7806 you reached level 6 of The Dungeons of Doom. On T:7817 you reached level 7 of The Dungeons of Doom. On T:8545 you reached level 8 of The Dungeons of Doom. On T:8743 you reached level 9 of The Dungeons of Doom. On T:8914 you reached level 10 of The Dungeons of Doom. On T:9156 you reached level 4 of Sokoban. On T:9439 you reached level 3 of Sokoban. On T:9878 you reached level 2 of Sokoban. On T:10248 you reached level 1 of Sokoban. On T:11111 you advanced to experience level 10. On T:11611 you reached level 11 of The Dungeons of Doom. On T:14443 you received Snickersnee from Amaterasu Omikami. On T:18357 you advanced to experience level 11. On T:19050 you advanced to experience level 12. On T:20979 you reached level 12 of The Dungeons of Doom. On T:21376 you reached level 13 of The Dungeons of Doom. On T:21427 you reached level 14 of The Dungeons of Doom. On T:22728 you reached level 15 of The Dungeons of Doom. On T:22806 you reached level 1 of The Quest. On T:23074 you embarked upon an epic quest. On T:23716 you reached level 16 of The Dungeons of Doom. On T:24021 you reached level 17 of The Dungeons of Doom. On T:24051 you reached level 18 of The Dungeons of Doom. On T:24383 you reached level 19 of The Dungeons of Doom. On T:26198 you reached Fort Ludios. On T:27718 you advanced to experience level 13. On T:27904 you advanced to experience level 14. On T:28404 you killed Croesus in Fort Ludios. On T:28460 you advanced to experience level 15. On T:31355 you reached level 20 of The Dungeons of Doom. On T:31481 you reached level 21 of The Dungeons of Doom. On T:31926 you reached level 22 of The Dungeons of Doom. On T:31935 you reached level 23 of The Dungeons of Doom. On T:32604 you advanced to experience level 16. On T:33011 you reached level 24 of The Dungeons of Doom. On T:33049 you reached level 25 of The Dungeons of Doom. On T:35095 you became the Hand of Elbereth On T:35279 you reached level 26 of The Dungeons of Doom. On T:35292 you killed Medusa on level 26 of The Dungeons of Doom. On T:35512 you advanced to experience level 17. On T:35847 you reached level 27 of The Dungeons of Doom. On T:36172 you reached level 28 of The Dungeons of Doom. On T:36204 you reached The Castle. On T:36392 you advanced to experience level 18. On T:36712 you wished for "uncursed magic marker". On T:37050 you wished for "Blessed greased fireproof bag of holding". On T:37524 you wished for "Blessed orb of detection". On T:37693 you genocided class 'h'. On T:37922 you reached level 2 of The Quest. On T:38056 you advanced to experience level 19. On T:38251 you reached level 3 of The Quest. On T:38382 you reached level 4 of The Quest. On T:38411 you reached level 5 of The Quest. On T:38588 you killed Ashikaga Takauji on level 5 of The Quest. On T:39023 you completed the quest! On T:39964 you wished for "2 blessed potions of wonder". On T:40047 you reached The Valley of the Dead. On T:40969 you reached level 2 of Gehennom. On T:40996 you reached level 3 of Gehennom. On T:41682 you reached level 4 of Gehennom. On T:42612 you reached level 5 of Gehennom. On T:42637 you reached level 6 of Gehennom. On T:42847 you killed Juiblex on level 6 of Gehennom. On T:42857 you killed Demogorgon on level 6 of Gehennom. On T:43072 you reached level 7 of Gehennom. On T:43283 you reached level 8 of Gehennom. On T:43291 you reached level 9 of Gehennom. On T:43402 you reached level 10 of Gehennom. On T:43500 you reached level 11 of Gehennom. On T:43719 you reached level 12 of Gehennom. On T:43801 you killed Orcus on level 11 of Gehennom. On T:43849 you reached level 13 of Gehennom. On T:43856 you reached level 14 of Gehennom. On T:43868 you reached level 15 of Gehennom. On T:43907 you reached level 16 of Gehennom. On T:43922 you reached level 17 of Gehennom. On T:43957 you reached level 18 of Gehennom. On T:43962 you reached level 19 of Gehennom. On T:44459 you reached level 3 of Vlad's Tower. On T:44502 you reached level 2 of Vlad's Tower. On T:44556 you reached level 1 of Vlad's Tower. On T:44577 you killed Vlad the Impaler on level 1 of Vlad's Tower. On T:45841 you advanced to experience level 20. On T:45869 you killed Wizard of Yendor on level 13 of Gehennom. On T:45885 you performed the invocation. On T:45885 you reached level 20 of Gehennom. On T:45971 you killed Wizard of Yendor on level 20 of Gehennom. On T:46751 you killed Yeenoghu on level 20 of Gehennom. On T:46752 you gained the Amulet of Yendor! On T:46755 you lost the Amulet of Yendor. On T:46755 you gained the Amulet of Yendor! On T:46923 you killed Wizard of Yendor on level 11 of Gehennom. On T:46934 you killed Wizard of Yendor on level 11 of Gehennom. On T:46949 you killed Baalzebub on level 9 of Gehennom. On T:47101 you killed Asmodeus on level 4 of Gehennom. On T:47602 you killed Wizard of Yendor on level 20 of The Dungeons of Doom. On T:47811 you killed Wizard of Yendor on level 6 of The Dungeons of Doom. On T:47813 you killed Wizard of Yendor on level 6 of The Dungeons of Doom. On T:47881 you wished for "blessed greased ring of conflict". On T:47888 you reached the Plane of Earth. On T:47889 you killed Wizard of Yendor on the Plane of Earth. On T:47890 you killed Wizard of Yendor on the Plane of Earth. On T:47949 you wished for "uncursed magic marker". On T:47951 you reached the Plane of Air. On T:48050 you reached the Plane of Fire. On T:48225 you reached the Plane of Water. On T:48291 you reached the Astral Plane. On T:48305 you killed Pestilence on the Astral Plane. On T:48308 you killed Famine on the Astral Plane. On T:48314 you advanced to experience level 21. On T:48358 you lost the Amulet of Yendor. On T:48358 you offered the Amulet of Yendor to Amaterasu Omikami and ascended to the status of Demigod! Score breakdown: Gold: 0 ( 0 points) Experience: 21 levels (24913 points) Exploration: 49 levels (100.00%) (30000 points) Discoveries: 124 items ( 49.60%) (21128 points) Valuables value: 4750 (12507 points) Artifact value: 8700 (13401 points) Variety of kills: 291 monsters ( 76.58%) (26252 points) Turncount: 48358 turns (-4706 points) Survival: ascended (score multiplied by 200%) Total score: 246990 Latest messages: The glass golem disappears in a puff of logic. The door closes. You succeed in locking the door. The high priest intones: "Pilgrim, you enter a sacred place!" You hear a distant zap. The door is razed! Death zaps a wand of summoning! Please move the cursor to an unknown object. An aligned altar. There is an altar to Amaterasu Omikami (lawful) here. (3x) You offer the Amulet of Yendor to Amaterasu Omikami... An invisible choir sings, and you are bathed in radiance... The voice of Amaterasu Omikami thunders: "Congratulations, mortal!" "In return for thy service, I grant thee the gift of Immortality!" You ascend to the status of Demigod... Final status: Sayonara Tariru the Demigod, ascended... You went to your reward with 246990 points, Snickersnee (worth 1200 zorkmids) The Tsurugi of Muramasa (worth 4500 zorkmids) The Orb of Detection (worth 2500 zorkmids) The Candelabrum of Invocation (worth 5000 zorkmids) 2 turquoise stones (worth 4000 zorkmids), 3 amulets of life saving (worth 450 zorkmids), 1 amulet of reflection (worth 150 zorkmids), 1 amulet of magical breathing (worth 150 zorkmids), and 0 pieces of gold, after 48358 moves. You were level 21 with a maximum of 389 hit points when you ascended.